 Dungeon Crawl Stone Soup version 0.31.0-9-g3a7656b989 (webtiles) character file.

Game seed: 7601319499799301112

16 qw the Shooter (level 2, 0/14 HPs)
             Began as a Spriggan Hunter on Feb 2, 2024.
             Slain by a gnoll
             ... wielding a +0 halberd
              (14 damage)
             ... on level 3 of the Dungeon.
             The game lasted 00:00:03 (697 turns).

qw the Shooter (Spriggan Hunter)                     Turns: 697, Time: 00:00:03

Health: 0/14       AC:  2    Str:  7    XL:     2   Next: 37%
Magic:  3/3        EV: 19    Int: 10    God:
Gold:   73         SH:  0    Dex: 18    Spells: 1/1 levels left

rFire   . . .        a - +0 shortbow
rCold   . . .        (shield currently unavailable)
rNeg    . . .        c - +0 robe
rPois   .            (helmet restricted)
rElec   .            (no cloak)
rCorr   .            (gloves unavailable)
SInv    +            (boots unavailable)
Will    .....        (no amulet)
Stlth   ++           (no ring)
HPRegen 0.22/turn    (no ring)
MPRegen 0.08/turn

%: no passive effects
@: very quick
A: very small, no large weapons, unfitting armour, see invisible, speed 3
a: no special abilities


You were on level 3 of the Dungeon.
You visited 1 branch of the dungeon, and saw 3 of its levels.

You collected 73 gold pieces.


Innate Abilities, Weirdness & Mutations

You are very small and have problems with some larger weapons.
You are too small for most types of armour.
You have supernaturally acute eyesight. (SInv)
You cover ground extremely quickly. (Speed+++)


   Skills:
 - Level 1.5 Fighting
 + Level 4.1 Ranged Weapons
 - Level 4.0 Dodging
 - Level 1.5 Stealth


You had one spell level left.
You didn't know any spells.
Your spell library was empty.

Inventory:

Hand Weapons
 a - a +0 shortbow (weapon)
Armour
 c - a +0 robe (worn)
Jewellery
 g - a ring of fire
Potions
 e - a potion of resistance
 h - a potion of degeneration {unknown}

Dungeon Overview and Level Annotations

Branches:
Dungeon (3/15)

Altars:

Annotations:
D:2 Robin


Message History

Enter note:
Enter note:
Enter note:
There is an open door here.
There is an open door here.
You see here a hobgoblin skeleton.
There is an open door here.
There is an escape hatch in the floor here.
Enter note:
There is a stone staircase leading down here.
You climb downwards.
Level annotation: Robin
Found a war axe.
There is a stone staircase leading up here.
Found 4 stones.
You now have 66 gold pieces (gained 16).
You now have 73 gold pieces (gained 7).
A malevolent force fills the Dungeon...
You fall into a shaft and drop 1 floor!
The shaft crumbles and collapses.
Found a stone staircase leading up.
Waypoint 2 assigned to D:3.
What level of the Dungeon? (default 2, ? - help) 2 gnolls come into view.
Found a leather armour.
The gnoll shouts!
The gnoll moves out of view.
You shoot an arrow. The arrow barely misses the gnoll.
You shoot an arrow. The arrow hits the gnoll.
The gnoll is lightly wounded.
You shoot an arrow. The arrow barely misses the gnoll.
A gnoll comes into view. It is wielding a +0 spear.
693 ||| RETREEEEATING.
694 ||| RETREEEEATING.
695 ||| RETREEEEATING.
You shoot an arrow. The arrow hits the gnoll!
The gnoll is severely wounded.
What level of the Dungeon? (default 2, ? - help)
The gnoll hits you from afar with a +0 halberd!
Ouch! That really hurt!
You die...

######## #......#
#......# #......#
#......###
#........#
###.####.#########[
........@.........
##.####.##g.g.....
#.##....<...
#.########.. ... .
#.# #.# ... ...


You could see 2 gnolls.

Vanquished Creatures
  3 bats (D:1)
  An endoplasm (D:1)
  A goblin (D:1)
  A hobgoblin (D:1)
  2 jackals (D:1)
  A kobold (D:1)
  A ball python (D:1)
  2 frilled lizards (D:1)
  3 rats (D:1)
15 creatures vanquished.

Notes
Turn   | Place    | Note
-------+----------+-------------------------------------------
     0 | D:1      | qw the Spriggan Hunter began the quest for the Orb.
     0 | D:1      | Reached XP level 1. HP: 10/10 MP: 2/2
     0 | D:1      | 0 ||| qw: Version: 0.3-a-155-g5e7d8dd
     0 | D:1      | 0 ||| qw: Game counter: 1804
     0 | D:1      | 0 ||| qw: Melee chars always use a shield: true
     0 | D:1      | 0 ||| qw: God list: Okawaru
     0 | D:1      | 0 ||| qw: Allow faded altars: false
     0 | D:1      | 0 ||| qw: Do Orc after clearing Dungeon:15 true
     0 | D:1      | 0 ||| qw: Do second Lair branch before Depths: true
     0 | D:1      | 0 ||| qw: Lair rune preference: random
     0 | D:1      | 0 ||| qw: Goals: Normal
     0 | D:1      | 0 ||| PLANNING D:1-11
    30 | D:1      | Reached skill level 3 in Dodging
   226 | D:1      | Reached XP level 2. HP: 14/14 MP: 3/3
   578 | D:1      | 578 ||| READING scroll labelled REOZOU EJIGUC.
   578 | D:1      | 578 ||| ENCHANTING +0 shortbow.
   579 | D:1      | 579 ||| READING scroll labelled XOAXAH POPPU.
   580 | D:1      | 580 ||| READING scroll labelled URPHAR QIAD.
   580 | D:1      | 580 ||| IDENTIFYING sedimented ruby potion
   581 | D:1      | 581 ||| DROPPING scroll of butterflies.
   608 | D:2      | 608 ||| STAIRDANCE
   608 | D:2      | Noticed Robin
   682 | D:2      | You fall into a shaft and drop 1 floor!
   693 | D:3      | 693 ||| RETREEEEATING.
   694 | D:3      | 694 ||| RETREEEEATING.
   695 | D:3      | 695 ||| RETREEEEATING.
   697 | D:3      | Slain by a gnoll

Levels and vault maps discovered:
D:1:      wander_arrival_abandoned_jail, layout_basic
D:2:      layout_rooms, kennysheep_generic_room_16, uniq_robin
D:3:      layout_basic, lemuel_round_altar,
          hellmonk_ecumenical_altar_leap_of_faith, hangedman_glass_garden

Skill      XL: |  1  2 |
---------------+-------+-----
Dodging        | 3 4 |  4.0
Fighting       | |  1.5
Ranged Weapons | |  4.1
Stealth        | |  1.5

Action                     || total
---------------------------++-------
   Fire: Shortbow          ||    45
    Use: Scroll            ||     3
 Armour: Robe              ||     8
  Dodge: Dodged            ||    23

Table legend:
 A = Non-vault XP
 B = Vault XP
 C = Vault XP percentage of total XP
 D = Non-vault monster count
 E = Vault monster count
 F = Vault count percentage of total count
                 A         B        C        D         E       F
            +---------+---------+-------+---------+---------+-------
      Total |      23 |       0 |   0.0 |      15 |       0 |   0.0
            +---------+---------+-------+---------+---------+-------
        D:1 |      23 |       0 |   0.0 |      15 |       0 |   0.0
            +---------+---------+-------+---------+---------+-------
